 Dungeon Crawl Stone Soup version 0.30-a0-1016-gfb0d676c02 (webtiles) character file.

Game seed: 3056422461553070649

4099 protoss039 the Covert (level 10, -3/59 HPs)
             Began as a Vampire Enchanter on Apr 6, 2023.
             Was a Follower of Dithmenos.
             Slain by a wight
             ... wielding a +3 war axe
              (5 damage)
             ... on level 8 of the Dungeon.
             The game lasted 00:21:21 (8578 turns).

protoss039 the Covert (Vampire Enchanter)           Turns: 8578, Time: 00:21:22

Health: -3/59      AC:  4    Str: 13    XL:     10   Next: 6%
Magic:  5/16       EV: 14    Int: 21    God:    Dithmenos [*.....]
Gold:   456        SH:  0    Dex: 16    Spells: 6/17 levels left

rFire   . . .      SeeInvis +    a - +5 dagger (venom)
rCold   + + +      Faith    .    (no shield)
rNeg    + + +      Spirit   .    b - +0 robe
rPois   ∞          Reflect  .    (no helmet)
rElec   .          Rampage  .    r - +0 cloak
rCorr   .                        (no gloves)
Will    +....                    y - +0 pair of boots
Stlth   ++++++++                 j - amulet of the acrobat
HPRegen 0.00/turn                g - ring of protection from cold
MPRegen 0.15/turn                i - +6 ring of strength

@: bloodless, inhibited regen, wreathed by umbra
A: bloodless, fangs 3, see invisible, vampiric 2
a: Bat Form, Revivify, Renounce Religion


You were on level 8 of the Dungeon.
You worshipped Dithmenos.
Dithmenos was aware of your devotion.
You visited 2 branches of the dungeon, and saw 9 of its levels.

You collected 456 gold pieces.

Inventory:

Hand Weapons
 a - a +5 dagger of venom (weapon)
Missiles
 c - 19 poisoned darts (quivered)
Armour
 b - a +0 robe (worn)
 r - a +0 cloak (worn)
 y - a +0 pair of boots (worn)
Jewellery
 g - a ring of protection from cold (left hand)
 i - a +6 ring of strength (right hand)
 j - an amulet of the acrobat (around neck)
 v - a ring of wizardry
Wands
 m - a wand of polymorph (11)
 t - a wand of flame (16)
 A - a wand of paralysis (4)
Scrolls
 d - a scroll of identify
 e - a scroll of blinking
 h - 7 scrolls of immolation
 n - a scroll of fog
 o - a scroll of fear
 q - a scroll of poison
 s - a scroll of magic mapping
 u - a scroll of teleportation
Potions
 f - a potion of haste {unknown}
 k - a potion of cancellation {unknown}
 l - a potion of berserk rage {unknown}
 p - a potion of ambrosia {unknown}
 w - a potion of heal wounds {unknown}
 x - a potion of magic {unknown}
 z - a potion of invisibility
 B - a potion of mutation {unknown}
 C - a potion of brilliance {unknown}


   Skills:
 * Level 5.5 Fighting
 - Level 3.0 Short Blades
 + Level 2.3 Throwing
 - Level 3.0 Armour
 + Level 5.2 Dodging
 * Level 10.5 Stealth
 + Level 4.3 Spellcasting
 + Level 1.9 Conjurations
 + Level 7.6 Hexes
 - Level 3.0 Ice Magic
 * Level 3.2 Invocations
 - Level 3.0 Evocations


You had 6 spell levels left.
You knew the following spells:

 Your Spells              Type           Power      Damage    Failure   Level
a - Ensorcelled Hibernat  Hex/Ice        52%        N/A       1%          2
b - Confusing Touch       Hex            36%        N/A       1%          3
c - Tukima's Dance        Hex            36%        N/A       1%          3
d - Dazzling Flash        Conj/Hex       48%        N/A       4%          3

Your spell library contained the following spells:

 Spells                   Type           Power      Damage    Failure   Level
 Portal Projectile        Hex/Tloc       40%        N/A       8%          3
 Fulminant Prism          Conj/Hex       12%        3d9       16%         4
 Leda's Liquefaction      Hex/Erth       10%        N/A       24%         4
 Call Canine Familiar     Summ           4%         N/A       34%         3
 Volatile Blastmotes      Fire/Tloc      8%         2d10      34%         3
 Iskenderun's Mystic Bla  Conj/Tloc      8%         2d4       61%         4
 Lee's Rapid Deconstruct  Erth           2%         3d4*      97%         5


Dungeon Overview and Level Annotations

Branches:
Dungeon (8/15) Zot: 24918  Temple (1/1) D:4 Zot: 5960
   Lair: D:8-11

Altars:
Ashenzari
Cheibriados
Dithmenos
Fedhas
Gozag
Hepliaklqana
Kikubaaqudgha
Makhleb
Nemelex Xobeh
Okawaru
Qazlal
Ru
Sif Muna
Trog
Uskayaw
Vehumet
Wu Jian
Xom
Yredelemnul

Shops:
D:1 =


Innate Abilities, Weirdness & Mutations

You do not regenerate when monsters are visible.
You are frail without blood (-20% HP).
You can heal yourself when you bite living creatures.
You are immune to poison.
You have razor-sharp teeth.
You have supernaturally acute eyesight. (SInv)
You are afflicted with vampirism and can become a bat while bloodless.


Message History

The bullfrog is no longer blind.
The vampire hits the jelly.
The vampire is burned by acid!
The vampire is destroyed!
The jelly misses you. The wight misses you. The bullfrog misses you.
Unknown command.
Casting: Ensorcelled Hibernation (safe; 1% risk of failure)
Confirm with . or Enter, or press ? or * to list all spells.
Aiming: Ensorcelled Hibernation (safe; 1% risk of failure)
Press: ? - help, Shift-Dir - straight line, f - jelly
Aim: a jelly (moderately wounded, umbra, chance to affect: 66%)
The jelly looks drowsy...
The bullfrog hits you. The wight hits you with a +3 war axe!
* * * LOW HITPOINT WARNING * * *
The bullfrog barely misses you.
The helpless jelly fails to defend itself.
You stick the jelly like a pincushion!!!
You kill the jelly!
Dithmenos accepts your kill. The wight hits you with a +3 war axe!
* * * LOW HITPOINT WARNING * * *
The bullfrog barely misses you.
Casting: Ensorcelled Hibernation (safe; 1% risk of failure)
Confirm with . or Enter, or press ? or * to list all spells.
Aiming: Ensorcelled Hibernation (safe; 1% risk of failure)
Press: ? - help, Shift-Dir - straight line, f - bullfrog
Aim: a bullfrog (umbra, chance to affect: 57%)
Okay, then.
Okay, then.
Okay, then.
Okay, then.
Okay, then.
Press: ? - help, v - describe, . - travel
Here: a wight, wielding a +3 war axe and wearing a +0 robe (umbra)
The floor.
As you read the scroll of fear, it crumbles to dust.
You assume a fearsome visage.
The wight is unaffected.
The bullfrog looks frightened!
The wight closely misses you.
Unknown command.
The wight attacks as you move away! The wight hits you with a +3 war axe.
You die...

#S #. ## # ## F. (# .
.z.#z .# . .. ..F. .# #
.# ##### $.# .# ##.#
####...####.#.#
#..###†........##z.#
#.............F.@..#
#.####.............#
..# #.............#
.### #..............#
...###.....[..........
#...#...(...........###
##....##............#
####.#####.........##
.# #.# ##...


You could see a bullfrog (fleeing) and a wight.

Vanquished Creatures
  An unseen horror (D:7)
  A hornet (D:8)
  2 wyverns (D:7)
  Eustachio (D:6)
  A steam dragon (D:8)
  Edmund (D:6)
  Duvessa (D:6)
  A water moccasin (D:7)
  2 orc warriors (D:8)
  A black bear (D:4)
  A sky beast (D:6)
  2 ogres
  4 centaurs
  3 phantoms
  A kobold brigand (D:7)
  A bullfrog (D:8)
  A gnoll sergeant (D:7)
  A scorpion (D:4)
  4 wights
  Dowan (D:6)
  A howler monkey (D:8)
  6 hounds
  A jelly (D:8)
  2 gnoll boudas
  An orc priest (D:6)
  2 sleepcaps
  2 iguanas
  7 orc wizards
  15 gnolls
  9 adders
  A shadow imp (D:6)
  A white imp (D:6)
  2 ufetubi
  3 worms
  24 orcs
  8 bats
  10 endoplasms
  15 giant cockroaches
  4 goblins
  2 hobgoblins
  18 jackals
  11 kobolds
  2 quokkas
  4 ball pythons
  3 frilled lizards
  4 rats
189 creatures vanquished.

Vanquished Creatures (others)
  A vampire (D:8)
  2 dancing weapons (D:8)
3 creatures vanquished.

Grand Total: 192 creatures vanquished

Notes
Turn   | Place    | Note
-------+----------+-------------------------------------------
     0 | D:1      | protoss039 the Vampire Enchanter began the quest for the
                  | Orb.
     0 | D:1      | Reached XP level 1. HP: 13/13 MP: 3/3
   154 | D:1      | Reached XP level 2. HP: 18/20 MP: 5/5
   170 | D:1      | Learned a level 2 spell: Ensorcelled Hibernation
   375 | D:1      | Found a faded altar of an unknown god.
   409 | D:1      | Reached skill level 5 in Stealth
   771 | D:1      | Found Mofaxism's Jewellery Emporium.
   990 | D:2      | Reached skill level 1 in Fighting
  1031 | D:2      | Gained mutation: You are afflicted with vampirism and can
                  | become a bat while bloodless. [Vampire growth]
  1031 | D:2      | Reached XP level 3. HP: 16/26 MP: 6/6
  1601 | D:2      | Reached XP level 4. HP: 25/25 MP: 2/7
  1886 | D:2      | Learned a level 3 spell: Confusing Touch
  3244 | D:4      | Reached XP level 5. HP: 21/30 MP: 1/8
  3654 | D:4      | Noticed a black bear
  3667 | D:4      | Killed a black bear
  3668 | D:4      | Reached skill level 1 in Armour
  3668 | D:4      | Reached skill level 6 in Stealth
  3668 | D:4      | Reached skill level 5 in Hexes
  3668 | D:4      | Reached skill level 1 in Ice Magic
  3668 | D:4      | Reached skill level 1 in Evocations
  3790 | D:4      | Found a staircase to the Ecumenical Temple.
  3821 | D:5      | Entered Level 5 of the Dungeon
  3840 | Temple   | Entered the Ecumenical Temple
  3840 | Temple   | Found a transporter.
  3840 | Temple   | Found a transporter.
  3842 | Temple   | Found a transporter.
  3842 | Temple   | Found a transporter.
  3918 | D:4      | Reached XP level 6. HP: 35/36 MP: 4/9
  4528 | D:4      | Learned a level 3 spell: Tukima's Dance
  4583 | D:5      | Reached XP level 7. HP: 40/40 MP: 6/11
  4642 | D:5      | Learned a level 3 spell: Dazzling Flash
  5064 | D:5      | Found an iron altar of Okawaru.
  5349 | D:5      | You fall into a shaft and drop 3 floors!
  5393 | D:8      | Reached skill level 7 in Stealth
  5611 | D:7      | Noticed a wyvern
  5618 | D:7      | Killed a wyvern
  5703 | D:7      | Reached XP level 8. HP: 46/46 MP: 12/12
  5831 | D:7      | Reached skill level 8 in Stealth
  6300 | D:7      | Found a shadowy altar of Dithmenos.
  6314 | D:7      | Noticed an unseen horror
  6323 | D:7      | Became a worshipper of Dithmenos the Shadowed
  6336 | D:7      | Killed an unseen horror
  6337 | D:7      | Reached skill level 1 in Throwing
  6491 | D:6      | Reached XP level 9. HP: 52/52 MP: 14/14
  6528 | D:6      | Noticed Edmund
  6531 | D:6      | Noticed Eustachio
  6634 | D:5      | Reached skill level 9 in Stealth
  6634 | D:5      | Reached skill level 1 in Invocations
  6964 | D:6      | Killed Edmund
  6965 | D:6      | Reached skill level 1 in Conjurations
  7051 | D:6      | Killed Eustachio
  7296 | D:6      | Reached * piety under Dithmenos
  7304 | D:6      | Noticed Duvessa
  7312 | D:6      | Noticed Dowan
  7523 | D:6      | Found a shimmering blue altar of Sif Muna.
  7548 | D:6      | Reached skill level 5 in Fighting
  7704 | D:6      | Killed Duvessa
  7716 | D:6      | Killed Dowan
  7931 | D:8      | Reached skill level 10 in Stealth
  8312 | D:7      | Reached skill level 5 in Dodging
  8571 | D:8      | Reached XP level 10. HP: 27/59 MP: 8/16
  8576 | D:8      | HP: 2/59 [wight/+3 war axe (9)]
  8578 | D:8      | Slain by a wight

Illustrated notes

Levels and vault maps discovered:
D:1:      psy_arrival_wood_between_worlds, layout_basic, serial_shops,
          nicolae_diamond_shop, hellmonk_ecumenical_altar_crossroads,
          minmay_fountain_box, minmay_misc_feat_plants,
          amcnicky_mini_rare_corridor_liquid
D:2:      minmay_roachtagon, layout_loops_ring
D:3:      layout_basic, chequers_mini_garden
D:4:      layout_rooms, minmay_temple_entry_junction
D:5:      layout_loops_corners, okawaru_trees_2
D:6:      layout_rooms, overflow_temple_1_default, uniq_duvessa, uniq_eustachio,
          uniq_edmund
D:7:      layout_rooms, mainiacjoe_overflow_24_doors, nicolae_eternal_life,
          kennysheep_pointless_box
D:8:      layout_cave_pods, minmay_misc_feat_pillars, minmay_pinched_square
Temple:   hellmonk_temple_divided_pantheon

Skill      XL: |  1  2  3  4  5  6  7  8  9 |
---------------+----------------------------+-----
Stealth        | 5 6 7 8 10 | 10.5
Fighting       | 1 2 3 4 5 |  5.5
Short Blades   | 2 3 |  3.0
Armour         | 1 2 3 |  3.0
Hexes          | 5 6 7 |  7.6
Ice Magic      | 1 2 3 |  3.0
Evocations     | 1 2 3 |  3.0
Dodging        | 3 4 5 |  5.2
Spellcasting   | 3 4 |  4.3
Throwing       | 1 2 |  2.3
Invocations    | 3 |  3.2
Conjurations   | 1 |  1.9

Action                     |  1- 3 |  4- 6 |  7- 9 | 10-12 || total
---------------------------+-------+-------+-------+-------++-------
  Melee: Dagger            |   132 |   137 |   241 |     3 ||   513
         Bite              |    15 |    10 |    22 |       ||    47
         Punch             |     3 |       |     3 |       ||     6
   Cast: Ensorcelled Hiber |     6 |    40 |    62 |     2 ||   110
         Confusing Touch   |       |     2 |    17 |       ||    19
         Tukima's Dance    |       |       |     4 |       ||     4
         Dazzling Flash    |       |       |     1 |       ||     1
Ability: Exsanguinate      |     1 |       |       |       ||     1
  Evoke: Wand              |       |       |     3 |       ||     3
    Use: Potion            |     1 |     3 |       |       ||     4
         Scroll            |       |     8 |     8 |     1 ||    17
   Stab: Invisible         |     2 |       |       |       ||     2
         Sleeping          |    18 |    33 |    64 |     1 ||   116
         Distracted        |     1 |       |       |       ||     1
         Confused          |       |       |    14 |     1 ||    15
 Armour: Robe              |    22 |    39 |    38 |     1 ||   100
  Dodge: Dodged            |    67 |   147 |   206 |    11 ||   431

Table legend: (Time is in decaauts)
 A = Elapsed time spent in this place.
 B = Non-inter-level travel time spent in this place.
 C = Inter-level travel time spent in this place.
 D = Time resting spent in this place.
 E = Time spent auto-exploring this place.
 F = Levels seen in this place.
 G = Mean time per level.
                   A        B        C        D        E       F      G
               +--------+--------+--------+--------+--------+-----+--------+
         Total |   8532 |   8158 |    374 |   1189 |   5007 |   9 |  948.0 |
       Dungeon |   8492 |   8118 |    374 |   1189 |   5004 |   8 | 1061.5 |
        Temple |     39 |     39 |      0 |      0 |      3 |   1 |   39.0 |
               +--------+--------+--------+--------+--------+-----+--------+

Top non-repeatable levels by time:
     D:3: 1739 daAuts
     D:5: 1248 daAuts
     D:7: 1122 daAuts
     D:1: 939 daAuts
     D:2: 938 daAuts
     D:4: 906 daAuts
     D:6: 832 daAuts
     D:8: 765 daAuts
  Temple: 39 daAuts
